Maroons vs Bruins

Created - 14 novembre 2019 at 21:23

Goals
1 2 3 T
Maroons 2 1 1 4
Bruins 0 2 0 2
Shots
1 2 3 T
Maroons 15 9 15 39
Bruins 10 17 7 34

1st period

1. Maroons , Bryan Rust 3 (Nick Schmaltz 6, Pierre-Luc Dubois 9) at 1:57
2. Maroons , Matthew Tkachuk 10 (Esa Lindell 4) at 15:29 (PP)

Penalties :
Micheal Ferland (BOS) for Hooking (Minor) at 15:19

2nd period

3. Maroons , Nick Ritchie 2 (Esa Lindell 5, Frederik Gauthier 3) at 13:02
4. Bruins , Anthony Beauvillier 4 (Nolan Patrick 2) at 16:28
5. Bruins , Anthony Beauvillier 5 (Ryan Kesler 3, Nolan Patrick 3) at 19:56

Penalties :
Micheal Ferland (BOS) for Fighting (Major) at 5:05, Matthew Tkachuk (MON) for Fighting (Major) at 5:05, Pierre-Luc Dubois (MON) for Hooking (Minor) at 10:48

3rd period

6. Maroons , Bo Horvat 10 (Brendan Gallagher 10) at 14:06

Penalties :
Bryan Rust (MON) for Holding (Minor) at 2:20, Justin Falk (BOS) for Slashing (Minor) at 6:29, Cal Clutterbuck (MON) for Roughing (Minor) at 7:00

Goalie Stats

John Gibson (MON), 32 saves from 34 shots - (0,941), W, 10-5-1, 60:00 minutes
Juuse Saros (BOS), 35 saves from 39 shots - (0,897), L, 8-4-3, 60:00 minutes

Players Stats for Maroons

Player Name              G  A  P  +/- PIM S  H  SB GA TA FO     MP     PP MP  PK MP  
------------------------------------------------------------------------------------
Alexander Kerfoot        0  0  0  -1  0   2  1  0  0  1  7/10   14:11   0:00   1:39 
Bo Horvat                1  0  1   1  0   7  1  0  1  0  11/32  19:00   0:29   0:00 
Brendan Gallagher        0  1  1   1  0   1  2  0  0  0  0/1    19:22   0:29   0:00 
Brenden Dillon           0  0  0   0  0   1  4  1  0  0  0/0    17:33   0:00   1:47 
Bryan Rust               1  0  1   0  2   2  3  1  0  0  1/1    15:55   0:12   0:21 
Cal Clutterbuck          0  0  0  -1  2   1  0  2  0  1  0/0    12:30   0:11   2:01 
Carl Gunnarsson          0  0  0   0  0   2  1  1  0  0  0/0    11:54   0:00   0:14 
Esa Lindell              0  2  2   1  0   1  1  0  0  1  0/0    25:55   0:41   2:28 
Frederik Gauthier        0  1  1   1  0   0  1  0  0  0  3/3    10:49   0:00   1:03 
Jacob Trouba             0  0  0   1  0   3  2  1  0  0  0/0    25:55   0:41   2:28 
Jay Beagle               0  0  0  -1  0   2  1  1  0  0  2/2    13:30   0:00   2:31 
Matthew Tkachuk          1  0  1   1  5   6  2  0  0  0  0/0    17:07   0:29   0:12 
Nick Ritchie             1  0  1   1  0   3  1  1  2  0  0/0     9:46   0:00   0:00 
Nick Schmaltz            0  1  1   0  0   3  0  0  0  1  1/2    17:07   0:00   1:04 
Pierre-Luc Dubois        0  1  1   0  2   4  1  0  0  0  6/11   14:56   0:12   0:07 
Pontus Aberg             0  0  0   1  0   1  0  0  0  0  0/0     9:46   0:00   0:00 
Ryan McDonagh            0  0  0   0  0   0  0  2  1  0  0/0    23:03   0:00   2:01 
Torey Krug               0  0  0   0  0   0  0  3  0  0  0/0    15:40   0:00   0:00 

Players Stats for Bruins

Player Name              G  A  P  +/- PIM S  H  SB GA TA FO     MP     PP MP  PK MP  
------------------------------------------------------------------------------------
Anthony Beauvillier      2  0  2   1  0   6  0  1  1  0  0/0    12:57   1:13   0:00 
Anthony Mantha           0  0  0  -1  0   4  0  1  0  0  1/2    20:56   2:12   0:41 
Brady Tkachuk            0  0  0  -1  0   6  1  0  0  0  7/12   17:24   0:59   0:00 
Cam Fowler               0  0  0  -1  0   1  2  2  0  0  0/0    26:51   3:05   0:35 
Connor Murphy            0  0  0   0  0   0  1  1  1  2  0/0    23:19   2:45   0:35 
Derick Brassard          0  0  0  -1  0   0  0  0  0  0  0/0    17:26   1:01   0:00 
Jakob Chychrun           0  0  0   0  0   1  1  0  0  0  0/0    20:20   1:24   0:06 
Jason Pominville         0  0  0   0  0   1  0  0  0  0  0/0     7:59   0:00   0:00 
John Gilmour             0  0  0  -1  0   0  0  0  0  0  0/0     3:27   0:00   0:00 
Justin Falk              0  0  0   0  2   1  0  1  0  0  0/0    19:23   1:35   0:00 
Marcus Kruger            0  0  0   0  0   1  0  1  0  0  1/4     7:59   0:00   0:00 
Maxime Comtois           0  0  0   0  0   0  1  0  0  0  0/0     3:42   0:57   0:00 
Micheal Ferland          0  0  0  -1  7   2  0  0  0  1  0/0    17:31   2:12   0:00 
Nolan Patrick            0  2  2   1  0   0  2  0  2  0  3/8    13:00   0:50   0:00 
Ondrej Palat             0  0  0  -1  0   2  0  0  0  0  0/0    17:07   1:01   0:00 
Pat Maroon               0  0  0   0  0   2  1  0  0  0  0/0     8:06   0:07   0:00 
Ryan Kesler              0  1  1   1  0   4  1  4  0  0  0/0    12:34   0:31   0:00 
Sean Monahan             0  0  0  -1  0   2  1  0  0  0  19/36  20:57   2:13   0:41 
Xavier Ouellet           0  0  0   0  0   0  1  2  0  0  0/0    12:55   0:00   0:06 
Zach Redmond             0  0  0   0  0   1  0  2  0  1  0/0    13:55   0:20   0:00 

3 Stars

1 - Anthony Beauvillier (BOS)
2 - Nick Ritchie (MON)
3 - John Gibson (MON)

Power Play

Maroons - 1 on 2 Attempt(s) - 50,00%
Bruins - 0 on 3 Attempt(s) - 0,00%

Penalty Kill

Maroons - 3 on 3 Attempt(s) - 100,00% - Score 0 goal in Penalty Kill
Bruins - 1 on 2 Attempt(s) - 50,00% - Score 0 goal in Penalty Kill

Team Stat

Maroons - Hits : 21 - Faceoff Wins : 31 - Blocked Shots : 13 - Penalty Minutes : 11
Bruins - Hits : 12 - Faceoff Wins : 31 - Blocked Shots : 15 - Penalty Minutes : 9

Official

Referees : Francois StLaurent and Justin StPierre
Linesman : Vaughan Rody and Mark Wheler

Game Notes

Matthew Tkachuk beats up Micheal Ferland at 5:05 of 2nd period

Finance

Level 1 -- Attendance: 4652 (77,53%) -- Ticket Income 465 200 $
Level 2 -- Attendance: 4365 (87,30%) -- Ticket Income 261 900 $
Level 3 -- Attendance: 1923 (96,15%) -- Ticket Income 67 305 $
Level 4 -- Attendance: 4000 (100,00%) -- Ticket Income 80 000 $
Luxury Box -- Attendance: 786 (78,60%) -- Ticket Income 157 200 $
Game was played at the Boston Garden.
Total Attendance: 15726 (87,37%)
Total Ticket Income: 1 031 605 $
Other Income: 505 486 $
Total Income: 1 537 091 $

Maroons

5 vs 5 Forward 
   Center                   Left Wing                Right Wing               Time % Phy DF OF 
 1 Bo Horvat                Matthew Tkachuk          Brendan Gallagher        40     1   2  2  
 2 Pierre-Luc Dubois        Nick Schmaltz            Bryan Rust               30     1   2  2  
 3 Alexander Kerfoot        Cal Clutterbuck          Jay Beagle               20     1   2  2  
 4 Frederik Gauthier        Nick Ritchie             Pontus Aberg             10     1   2  2  

5 vs 5 Defense 
   Defense                  Defense                                           Time % Phy DF OF 
 1 Esa Lindell              Jacob Trouba                                      40     1   2  2  
 2 Ryan McDonagh            Torey Krug                                        30     1   2  2  
 3 Brenden Dillon           Carl Gunnarsson                                   20     1   2  2  
 4 Ryan McDonagh            Brenden Dillon                                    10     1   2  2  

PowerPlay Forward 
   Center                   Left Wing                Right Wing               Time % Phy DF OF 
 1 Bo Horvat                Matthew Tkachuk          Brendan Gallagher        60     1   2  2  
 2 Pierre-Luc Dubois        Cal Clutterbuck          Bryan Rust               40     1   2  2  

PowerPlay Defense
   Defense                  Defense                                           Time % Phy DF OF 
 1 Esa Lindell              Jacob Trouba                                      60     1   2  2  
 2 Ryan McDonagh            Brenden Dillon                                    40     1   2  2  

Penalty Kill 4 Players Forward 
   Center                   Wing                     Time % Phy DF OF 
 1 Jay Beagle               Cal Clutterbuck          60     1   2  2  
 2 Frederik Gauthier        Bryan Rust               40     1   2  2  

Penalty Kill 4 Players Defense
   Defense                  Defense                  Time % Phy DF OF 
 1 Esa Lindell              Jacob Trouba             60     1   2  2  
 2 Ryan McDonagh            Brenden Dillon           40     1   2  2  

Penalty Kill - 3 Players Forward 
   Forward                                           Time % Phy DF OF 
 1 Bo Horvat                                         60     1   2  2  
 2 Matthew Tkachuk                                   40     1   2  2  

Penalty Kill - 3 Players Defense
   Defense                  Defense                  Time % Phy DF OF 
 1 Esa Lindell              Jacob Trouba             60     1   2  2  
 2 Ryan McDonagh            Brenden Dillon           40     1   2  2  

4 vs 4 Forward 
   Center                   Wing                     Time % Phy DF OF 
 1 Nick Schmaltz            Bryan Rust               60     1   2  2  
 2 Pierre-Luc Dubois        Brendan Gallagher        40     1   2  2  

4 vs 4 Defense
   Defense                  Defense                  Time % Phy DF OF 
 1 Esa Lindell              Jacob Trouba             60     1   2  2  
 2 Ryan McDonagh            Brenden Dillon           40     1   2  2  

Last Minutes Offensive
   Center                   Left Wing                Right Wing               Defense                  Defense                  
   Bo Horvat                Matthew Tkachuk          Brendan Gallagher        Esa Lindell              Jacob Trouba             

Last Minutes Defensive
   Center                   Left Wing                Right Wing               Defense                  Defense                  
   Bo Horvat                Matthew Tkachuk          Brendan Gallagher        Esa Lindell              Jacob Trouba             

Goaltenders
Starting : John Gibson              
Backup : Cam Ward                 

Extra Forwards
Normal : Alexander Kerfoot, Jay Beagle, Nick Schmaltz - PP : Alexander Kerfoot, Jay Beagle - PK : Nick Schmaltz
Extra Defensemen
Normal : Torey Krug, Carl Gunnarsson, Ryan McDonagh - PP : Torey Krug - PK : Carl Gunnarsson, Ryan McDonagh
Penalty Shots
Bo Horvat, Matthew Tkachuk, Pierre-Luc Dubois, Brendan Gallagher, Cal Clutterbuck
Custom OT Lines Forwards
Bo Horvat, Matthew Tkachuk, Pierre-Luc Dubois, Brendan Gallagher, Cal Clutterbuck, Bryan Rust, Alexander Kerfoot, Jay Beagle, Nick Schmaltz, Nick Ritchie
Custom OT Lines Defensemen
Esa Lindell, Jacob Trouba, Ryan McDonagh, Brenden Dillon, Torey Krug

Scratches
Buddy Robinson (Healthy), Tobias Rieder (Healthy)

Bruins

5 vs 5 Forward 
   Center                   Left Wing                Right Wing               Time % Phy DF OF 
 1 Sean Monahan             Anthony Mantha           Micheal Ferland          40     1   2  2  
 2 Brady Tkachuk            Derick Brassard          Ondrej Palat             30     1   2  2  
 3 Nolan Patrick            Anthony Beauvillier      Ryan Kesler              20     1   2  2  
 4 Marcus Kruger            Pat Maroon               Jason Pominville         10     1   2  2  

5 vs 5 Defense 
   Defense                  Defense                                           Time % Phy DF OF 
 1 Cam Fowler               Connor Murphy                                     40     1   2  2  
 2 Jakob Chychrun           Justin Falk                                       30     1   2  2  
 3 Zach Redmond             Xavier Ouellet                                    20     1   2  2  
 4 John Gilmour             Cam Fowler                                        10     1   2  2  

PowerPlay Forward 
   Center                   Left Wing                Right Wing               Time % Phy DF OF 
 1 Sean Monahan             Anthony Mantha           Micheal Ferland          60     1   2  2  
 2 Brady Tkachuk            Derick Brassard          Ondrej Palat             40     1   2  2  

PowerPlay Defense
   Defense                  Defense                                           Time % Phy DF OF 
 1 Cam Fowler               Connor Murphy                                     60     1   2  2  
 2 Jakob Chychrun           Justin Falk                                       40     1   2  2  

Penalty Kill 4 Players Forward 
   Center                   Wing                     Time % Phy DF OF 
 1 Sean Monahan             Anthony Mantha           60     1   2  2  
 2 Brady Tkachuk            Derick Brassard          40     1   2  2  

Penalty Kill 4 Players Defense
   Defense                  Defense                  Time % Phy DF OF 
 1 Cam Fowler               Connor Murphy            60     1   2  2  
 2 Jakob Chychrun           Justin Falk              40     1   2  2  

Penalty Kill - 3 Players Forward 
   Forward                                           Time % Phy DF OF 
 1 Sean Monahan                                      60     1   2  2  
 2 Anthony Mantha                                    40     1   2  2  

Penalty Kill - 3 Players Defense
   Defense                  Defense                  Time % Phy DF OF 
 1 Cam Fowler               Connor Murphy            60     1   2  2  
 2 Jakob Chychrun           Justin Falk              40     1   2  2  

4 vs 4 Forward 
   Center                   Wing                     Time % Phy DF OF 
 1 Sean Monahan             Anthony Mantha           60     1   2  2  
 2 Brady Tkachuk            Derick Brassard          40     1   2  2  

4 vs 4 Defense
   Defense                  Defense                  Time % Phy DF OF 
 1 Cam Fowler               Connor Murphy            60     1   2  2  
 2 Jakob Chychrun           Justin Falk              40     1   2  2  

Last Minutes Offensive
   Center                   Left Wing                Right Wing               Defense                  Defense                  
   Sean Monahan             Anthony Mantha           Micheal Ferland          Cam Fowler               Connor Murphy            

Last Minutes Defensive
   Center                   Left Wing                Right Wing               Defense                  Defense                  
   Sean Monahan             Anthony Mantha           Micheal Ferland          Cam Fowler               Connor Murphy            

Goaltenders
Starting : Juuse Saros              
Backup : Collin Delia             

Extra Forwards
Normal : Maxime Comtois, Nolan Patrick, Ryan Kesler - PP : Maxime Comtois, Nolan Patrick - PK : Ryan Kesler
Extra Defensemen
Normal : Zach Redmond, Xavier Ouellet, John Gilmour - PP : Zach Redmond - PK : Xavier Ouellet, John Gilmour
Penalty Shots
Sean Monahan, Anthony Mantha, Brady Tkachuk, Derick Brassard, Micheal Ferland
Custom OT Lines Forwards
Sean Monahan, Anthony Mantha, Brady Tkachuk, Derick Brassard, Micheal Ferland, Ondrej Palat, Nolan Patrick, Ryan Kesler, Anthony Beauvillier, Pat Maroon
Custom OT Lines Defensemen
Cam Fowler, Connor Murphy, Jakob Chychrun, Justin Falk, Zach Redmond

Scratches
Conor Garland (Bruised Right Shoulder Injury), Joel Edmundson (Suspend), Ryan Bourque (Healthy), Cam Talbot (Healthy)

% Time on Ice - Maroons

Lines # - Real PCT - Wanted PCT - Time Play
Normal Forward
1 - 36% - 40% - 19:20
2 - 27% - 30% - 14:13
3 - 19% - 20% - 10:03
4 - 18% - 10% - 9:46
Normal Defense
1 - 41% - 40% - 21:46
2 - 31% - 30% - 16:30
3 - 21% - 20% - 11:02
4 - 8% - 10% - 4:04
PP Forward
1 - 71% - 60% - 0:29
2 - 29% - 40% - 0:12
PP Defense
1 - 100% - 60% - 0:41
2 - 0% - 40% - 0:00
PK Forward
1 - 77% - 60% - 3:26
2 - 23% - 40% - 1:03
PK Defense
1 - 55% - 60% - 2:28
2 - 45% - 40% - 2:01
PK3 Forward
1 - 0% - 60%
2 - 0% - 40%
PK3 Defense
1 - 0% - 60%
2 - 0% - 40%
44 Forward
1 - 75% - 60% - 1:06
2 - 25% - 40% - 0:22
44 Defense
1 - 68% - 60% - 1:00
2 - 32% - 40% - 0:28
Last Minute Offensive  - 0:00
Last Minute Defensive  - 0:00
Total
Forward - 60:00
Defense - 60:00

% Time on Ice - Bruins

Lines # - Real PCT - Wanted PCT - Time Play
Normal Forward
1 - 33% - 40% - 17:46
2 - 30% - 30% - 16:06
3 - 22% - 20% - 11:31
4 - 15% - 10% - 7:59
Normal Defense
1 - 36% - 40% - 19:17
2 - 33% - 30% - 17:49
3 - 24% - 20% - 12:49
4 - 6% - 10% - 3:27
PP Forward
1 - 76% - 60% - 3:24
2 - 24% - 40% - 1:05
PP Defense
1 - 69% - 60% - 3:05
2 - 31% - 40% - 1:24
PK Forward
1 - 100% - 60% - 0:41
2 - 0% - 40% - 0:00
PK Defense
1 - 85% - 60% - 0:35
2 - 15% - 40% - 0:06
PK3 Forward
1 - 0% - 60%
2 - 0% - 40%
PK3 Defense
1 - 0% - 60%
2 - 0% - 40%
44 Forward
1 - 78% - 60% - 1:09
2 - 22% - 40% - 0:19
44 Defense
1 - 55% - 60% - 0:48
2 - 45% - 40% - 0:40
Last Minute Offensive  - 0:00
Last Minute Defensive  - 0:00
Total
Forward - 60:00
Defense - 60:00

Play-by-Play

1st period


0:01 of 1st period - Sean Monahan wins face-off versus Bo Horvat in neutral zone.
0:28 of 1st period - Icing by Jacob Trouba.
0:29 of 1st period - Brady Tkachuk wins face-off versus Nick Schmaltz in Maroons zone.
1:09 of 1st period - Wrist shot by Pierre-Luc Dubois.
1:09 of 1st period - Stopped by Juuse Saros with a rebound.
1:11 of 1st period - Slapshot by Carl Gunnarsson.
1:11 of 1st period - Stopped by Juuse Saros with a rebound.
1:17 of 1st period - Snap shot by Nick Schmaltz.
1:17 of 1st period - Stopped by Juuse Saros with a rebound.
1:19 of 1st period - Wrist shot by Bryan Rust.
1:19 of 1st period - Shot Misses the Net.
1:41 of 1st period - Wrist shot by Nick Schmaltz.
1:41 of 1st period - Shot Misses the Net.
1:55 of 1st period - Slapshot by Nick Schmaltz.
1:55 of 1st period - Shot Misses the Net.
1:57 of 1st period - Wrist shot by Bryan Rust.
1:57 of 1st period - Goal by Bryan Rust - Maroons : 1 - Bruins : 0.
1:58 of 1st period - Sean Monahan wins face-off versus Bo Horvat in neutral zone.
2:13 of 1st period - Wrist shot by Anthony Mantha.
2:13 of 1st period - Shot Misses the Net.
2:24 of 1st period - Ryan McDonagh is hit by Sean Monahan and loses puck.
2:37 of 1st period - Wrist shot by Matthew Tkachuk.
2:37 of 1st period - Stopped by Juuse Saros with a rebound.
2:39 of 1st period - Slapshot by Brenden Dillon.
2:39 of 1st period - Shot Misses the Net.
2:45 of 1st period - Snap shot by Bo Horvat.
2:45 of 1st period - Shot Misses the Net.
3:25 of 1st period - Snap shot by Brendan Gallagher.
3:25 of 1st period - Shot Blocked by Anthony Mantha.
3:27 of 1st period - Snap shot by Brenden Dillon.
3:27 of 1st period - Stopped by Juuse Saros with a rebound.
3:29 of 1st period - Snap shot by Brendan Gallagher.
3:29 of 1st period - Shot Misses the Net.
3:39 of 1st period - Wrist shot by Bo Horvat.
3:39 of 1st period - Shot Misses the Net.
3:41 of 1st period - Wrist shot by Matthew Tkachuk.
3:41 of 1st period - Deflect By Micheal Ferland.
3:41 of 1st period - Shot Misses the Net.
3:41 of 1st period - Puck is out of play.
3:42 of 1st period - Alexander Kerfoot wins face-off versus Nolan Patrick in Bruins zone.
3:55 of 1st period - Snap shot by Alexander Kerfoot.
3:55 of 1st period - Stopped by Juuse Saros without a rebound.
3:56 of 1st period - Nolan Patrick wins face-off versus Alexander Kerfoot in Bruins zone.
4:09 of 1st period - Slapshot by Esa Lindell.
4:09 of 1st period - Shot Blocked by Cam Fowler.
4:11 of 1st period - Snap shot by Jay Beagle.
4:11 of 1st period - Shot Blocked by Ryan Kesler.
4:21 of 1st period - Esa Lindell is hit by Connor Murphy and loses puck.
5:41 of 1st period - Cam Fowler is hit by Brenden Dillon and loses puck.
5:52 of 1st period - Ryan Kesler is hit by Brenden Dillon and loses puck.
6:19 of 1st period - Brady Tkachuk is hit by Carl Gunnarsson and loses puck.
7:45 of 1st period - Off-side.
7:46 of 1st period - Pierre-Luc Dubois wins face-off versus Anthony Mantha in neutral zone.
8:14 of 1st period - Nolan Patrick is hit by Matthew Tkachuk and loses puck.
8:42 of 1st period - Snap shot by Ryan Kesler.
8:42 of 1st period - Shot Blocked by Torey Krug.
8:44 of 1st period - Slapshot by Cam Fowler.
8:44 of 1st period - Stopped by John Gibson with a rebound.
8:46 of 1st period - Wrist shot by Ryan Kesler.
8:46 of 1st period - Shot Blocked by Nick Ritchie.
8:48 of 1st period - Snap shot by Anthony Beauvillier.
8:48 of 1st period - Deflect By Ryan Kesler.
8:48 of 1st period - Stopped by John Gibson without a rebound.
8:49 of 1st period - Alexander Kerfoot wins face-off versus Sean Monahan in Maroons zone.
9:01 of 1st period - Slapshot by Alexander Kerfoot.
9:01 of 1st period - Shot Misses the Net.
9:03 of 1st period - Slapshot by Esa Lindell.
9:03 of 1st period - Deflect By Anthony Mantha.
9:03 of 1st period - Stopped by Juuse Saros with a rebound.
9:05 of 1st period - Slapshot by Jacob Trouba.
9:05 of 1st period - Stopped by Juuse Saros with a rebound.
9:35 of 1st period - Marcus Kruger is hit by Bryan Rust and loses puck.
10:14 of 1st period - Nolan Patrick is hit by Brenden Dillon and loses puck.
10:19 of 1st period - Wrist shot by Alexander Kerfoot.
10:19 of 1st period - Shot Misses the Net.
10:21 of 1st period - Wrist shot by Jay Beagle.
10:21 of 1st period - Shot Misses the Net.
10:23 of 1st period - Slapshot by Jacob Trouba.
10:23 of 1st period - Stopped by Juuse Saros without a rebound.
10:24 of 1st period - Bo Horvat wins face-off versus Sean Monahan in Bruins zone.
10:25 of 1st period - Snap shot by Matthew Tkachuk.
10:25 of 1st period - Stopped by Juuse Saros with a rebound.
10:27 of 1st period - Snap shot by Matthew Tkachuk.
10:27 of 1st period - Deflect By Bo Horvat.
10:27 of 1st period - Shot Misses the Net.
10:27 of 1st period - Puck is out of play.
10:28 of 1st period - Bo Horvat wins face-off versus Sean Monahan in Bruins zone.
10:33 of 1st period - Backhand shot by Matthew Tkachuk.
10:33 of 1st period - Shot Blocked by Connor Murphy.
10:43 of 1st period - Snap shot by Sean Monahan.
10:43 of 1st period - Shot Misses the Net.
12:02 of 1st period - Snap shot by Brendan Gallagher.
12:02 of 1st period - Shot Misses the Net.
12:04 of 1st period - Wrist shot by Brendan Gallagher.
12:04 of 1st period - Shot Blocked by Justin Falk.
12:06 of 1st period - Wrist shot by Bo Horvat.
12:06 of 1st period - Stopped by Juuse Saros with a rebound.
12:18 of 1st period - Slapshot by Sean Monahan.
12:18 of 1st period - Shot Misses the Net.
12:20 of 1st period - Wrist shot by Justin Falk.
12:20 of 1st period - Stopped by John Gibson with a rebound.
12:22 of 1st period - Slapshot by Jakob Chychrun.
12:22 of 1st period - Stopped by John Gibson without a rebound.
12:23 of 1st period - Bo Horvat wins face-off versus Brady Tkachuk in Maroons zone.
13:06 of 1st period - Wrist shot by Ondrej Palat.
13:06 of 1st period - Shot Blocked by Cal Clutterbuck.
13:08 of 1st period - Snap shot by Xavier Ouellet.
13:08 of 1st period - Shot Misses the Net.
13:10 of 1st period - Backhand shot by Brady Tkachuk.
13:10 of 1st period - Stopped by John Gibson with a rebound.
13:12 of 1st period - Wrist shot by Brady Tkachuk.
13:12 of 1st period - Stopped by John Gibson without a rebound.
13:13 of 1st period - Pierre-Luc Dubois wins face-off versus Sean Monahan in Maroons zone.
13:18 of 1st period - Sean Monahan is hit by Bryan Rust and loses puck.
13:29 of 1st period - Wrist shot by Sean Monahan.
13:29 of 1st period - Shot Blocked by Bryan Rust.
13:47 of 1st period - Wrist shot by Bo Horvat.
13:47 of 1st period - Shot Blocked by Ryan Kesler.
14:41 of 1st period - Snap shot by Anthony Beauvillier.
14:41 of 1st period - Stopped by John Gibson without a rebound.
14:42 of 1st period - Pierre-Luc Dubois wins face-off versus Nolan Patrick in Maroons zone.
14:42 of 1st period - Pierre-Luc Dubois is hit by Nolan Patrick.
14:48 of 1st period - Slapshot by Pierre-Luc Dubois.
14:48 of 1st period - Shot Misses the Net.
14:50 of 1st period - Snap shot by Nick Schmaltz.
14:50 of 1st period - Shot Misses the Net.
14:52 of 1st period - Snap shot by Bryan Rust.
14:52 of 1st period - Stopped by Juuse Saros without a rebound.
14:53 of 1st period - Sean Monahan wins face-off versus Bo Horvat in Bruins zone.
14:53 of 1st period - Sean Monahan is hit by Brendan Gallagher.
14:59 of 1st period - Snap shot by Anthony Mantha.
14:59 of 1st period - Stopped by John Gibson with a rebound.
15:19 of 1st period - Minor Penalty to Micheal Ferland for Hooking.
15:20 of 1st period - Sean Monahan wins face-off versus Bo Horvat in Bruins zone.
15:29 of 1st period - Wrist shot by Matthew Tkachuk.
15:29 of 1st period - Goal by Matthew Tkachuk - Maroons : 2 - Bruins : 0.
15:30 of 1st period - Bo Horvat wins face-off versus Sean Monahan in neutral zone.
16:58 of 1st period - Snap shot by Brady Tkachuk.
16:58 of 1st period - Shot Misses the Net.
17:49 of 1st period - Off-side.
17:50 of 1st period - Marcus Kruger wins face-off versus Bo Horvat in neutral zone.
17:53 of 1st period - Wrist shot by Pat Maroon.
17:53 of 1st period - Stopped by John Gibson without a rebound.
17:54 of 1st period - Bo Horvat wins face-off versus Marcus Kruger in Maroons zone.
17:59 of 1st period - Marcus Kruger is hit by Brendan Gallagher and loses puck.
18:06 of 1st period - Wrist shot by Brendan Gallagher.
18:06 of 1st period - Shot Blocked by Marcus Kruger.
18:48 of 1st period - Wrist shot by Alexander Kerfoot.
18:48 of 1st period - Deflect By Jay Beagle.
18:48 of 1st period - Shot Misses the Net.
18:48 of 1st period - Puck is out of play.
18:49 of 1st period - Sean Monahan wins face-off versus Bo Horvat in Bruins zone.
19:05 of 1st period - Icing by Brendan Gallagher.
19:06 of 1st period - Bo Horvat wins face-off versus Brady Tkachuk in Maroons zone.
19:18 of 1st period - Snap shot by Brady Tkachuk.
19:18 of 1st period - Stopped by John Gibson with a rebound.
19:26 of 1st period - Wrist shot by Matthew Tkachuk.
19:26 of 1st period - Deflect By Bo Horvat.
19:26 of 1st period - Stopped by Juuse Saros without a rebound.
19:27 of 1st period - Pierre-Luc Dubois wins face-off versus Sean Monahan in Bruins zone.
Goals for this period are 2 for Maroons vs 0 for Bruins.
Shots for this period are 15 for Maroons vs 10 for Bruins.

2nd period


0:01 of 2nd period - Sean Monahan wins face-off versus Bo Horvat in neutral zone.
0:50 of 2nd period - Snap shot by Cal Clutterbuck.
0:50 of 2nd period - Shot Misses the Net.
0:52 of 2nd period - Snap shot by Jay Beagle.
0:52 of 2nd period - Shot Misses the Net.
1:37 of 2nd period - Micheal Ferland is hit by Nick Ritchie and loses puck.
1:50 of 2nd period - Wrist shot by Ondrej Palat.
1:50 of 2nd period - Shot Misses the Net.
2:00 of 2nd period - Wrist shot by Ondrej Palat.
2:00 of 2nd period - Stopped by John Gibson without a rebound.
2:01 of 2nd period - Bo Horvat wins face-off versus Nolan Patrick in Maroons zone.
2:01 of 2nd period - Bo Horvat is hit by Ryan Kesler.
2:47 of 2nd period - Justin Falk is hit by Frederik Gauthier and loses puck.
3:33 of 2nd period - Slapshot by Bo Horvat.
3:33 of 2nd period - Shot Misses the Net.
3:35 of 2nd period - Slapshot by Bo Horvat.
3:35 of 2nd period - Shot Blocked by Anthony Beauvillier.
3:37 of 2nd period - Slapshot by Ryan McDonagh.
3:37 of 2nd period - Shot Blocked by Ryan Kesler.
3:55 of 2nd period - Slapshot by Pierre-Luc Dubois.
3:55 of 2nd period - Stopped by Juuse Saros with a rebound.
4:51 of 2nd period - Wrist shot by Matthew Tkachuk.
4:51 of 2nd period - Shot Misses the Net.
4:53 of 2nd period - Slapshot by Matthew Tkachuk.
4:53 of 2nd period - Stopped by Juuse Saros with a rebound.
4:57 of 2nd period - Snap shot by Bo Horvat.
4:57 of 2nd period - Stopped by Juuse Saros without a rebound.
4:58 of 2nd period - Sean Monahan wins face-off versus Bo Horvat in Bruins zone.
5:04 of 2nd period - Icing by Micheal Ferland.
5:05 of 2nd period - Bo Horvat wins face-off versus Sean Monahan in Bruins zone.
5:05 of 2nd period - Matthew Tkachuk beats up Micheal Ferland.
5:05 of 2nd period - Penalty to Micheal Ferland for Fighting.
5:05 of 2nd period - Penalty to Matthew Tkachuk for Fighting.
5:06 of 2nd period - Sean Monahan wins face-off versus Bo Horvat in Bruins zone.
5:33 of 2nd period - Cam Fowler is hit by Pierre-Luc Dubois and loses puck.
6:00 of 2nd period - Wrist shot by Jason Pominville.
6:00 of 2nd period - Shot Blocked by Jacob Trouba.
6:02 of 2nd period - Slapshot by Pat Maroon.
6:02 of 2nd period - Stopped by John Gibson with a rebound.
6:04 of 2nd period - Slapshot by Marcus Kruger.
6:04 of 2nd period - Stopped by John Gibson without a rebound.
6:05 of 2nd period - Sean Monahan wins face-off versus Brendan Gallagher in Maroons zone.
6:12 of 2nd period - Slapshot by Anthony Mantha.
6:12 of 2nd period - Shot Misses the Net.
6:14 of 2nd period - Snap shot by Sean Monahan.
6:14 of 2nd period - Deflect By Bo Horvat.
6:14 of 2nd period - Stopped by John Gibson with a rebound.
6:16 of 2nd period - Snap shot by Sean Monahan.
6:16 of 2nd period - Shot Blocked by Ryan McDonagh.
6:18 of 2nd period - Snap shot by Anthony Mantha.
6:18 of 2nd period - Shot Blocked by Torey Krug.
6:20 of 2nd period - Wrist shot by Anthony Mantha.
6:20 of 2nd period - Shot Misses the Net.
6:37 of 2nd period - Wrist shot by Bo Horvat.
6:37 of 2nd period - Stopped by Juuse Saros with a rebound.
6:39 of 2nd period - Snap shot by Brendan Gallagher.
6:39 of 2nd period - Shot Blocked by Xavier Ouellet.
6:41 of 2nd period - Slapshot by Jacob Trouba.
6:41 of 2nd period - Shot Misses the Net.
6:43 of 2nd period - Wrist shot by Brendan Gallagher.
6:43 of 2nd period - Deflect By Alexander Kerfoot.
6:43 of 2nd period - Shot Blocked by Zach Redmond.
6:43 of 2nd period - Puck is out of play.
6:44 of 2nd period - Pierre-Luc Dubois wins face-off versus Sean Monahan in Bruins zone.
6:47 of 2nd period - Snap shot by Nick Schmaltz.
6:47 of 2nd period - Stopped by Juuse Saros without a rebound.
6:48 of 2nd period - Sean Monahan wins face-off versus Pierre-Luc Dubois in Bruins zone.
7:01 of 2nd period - Wrist shot by Sean Monahan.
7:01 of 2nd period - Shot Misses the Net.
7:14 of 2nd period - Off-side.
7:15 of 2nd period - Alexander Kerfoot wins face-off versus Brady Tkachuk in neutral zone.
7:18 of 2nd period - Slapshot by Esa Lindell.
7:18 of 2nd period - Shot Misses the Net.
8:05 of 2nd period - Snap shot by Jason Pominville.
8:05 of 2nd period - Stopped by John Gibson without a rebound.
8:06 of 2nd period - Frederik Gauthier wins face-off versus Marcus Kruger in Maroons zone.
8:15 of 2nd period - Snap shot by Nick Ritchie.
8:15 of 2nd period - Stopped by Juuse Saros without a rebound.
8:16 of 2nd period - Sean Monahan wins face-off versus Bo Horvat in Bruins zone.
9:03 of 2nd period - Jacob Trouba is hit by Nolan Patrick and loses puck.
9:12 of 2nd period - Slapshot by Ryan Kesler.
9:12 of 2nd period - Stopped by John Gibson with a rebound.
9:14 of 2nd period - Snap shot by Anthony Beauvillier.
9:14 of 2nd period - Stopped by John Gibson with a rebound.
9:16 of 2nd period - Snap shot by Ryan Kesler.
9:16 of 2nd period - Shot Misses the Net.
10:43 of 2nd period - Snap shot by Sean Monahan.
10:43 of 2nd period - Shot Blocked by Ryan McDonagh.
10:45 of 2nd period - Slapshot by Anthony Mantha.
10:45 of 2nd period - Stopped by John Gibson without a rebound.
10:46 of 2nd period - Bryan Rust wins face-off versus Brady Tkachuk in Maroons zone.
10:48 of 2nd period - Minor Penalty to Pierre-Luc Dubois for Hooking.
10:49 of 2nd period - Jay Beagle wins face-off versus Sean Monahan in Maroons zone.
12:37 of 2nd period - Anthony Mantha is hit by Esa Lindell and loses puck.
12:48 of 2nd period - Penalty to Pierre-Luc Dubois is over, Pierre-Luc Dubois is back on ice.
12:58 of 2nd period - Snap shot by Nick Ritchie.
12:58 of 2nd period - Shot Blocked by Zach Redmond.
13:00 of 2nd period - Slapshot by Esa Lindell.
13:00 of 2nd period - Shot Blocked by Xavier Ouellet.
13:02 of 2nd period - Wrist shot by Nick Ritchie.
13:02 of 2nd period - Goal by Nick Ritchie - Maroons : 3 - Bruins : 0.
13:03 of 2nd period - Brady Tkachuk wins face-off versus Bo Horvat in neutral zone.
13:35 of 2nd period - Wrist shot by Pierre-Luc Dubois.
13:35 of 2nd period - Stopped by Juuse Saros with a rebound.
14:37 of 2nd period - Wrist shot by Ondrej Palat.
14:37 of 2nd period - Shot Misses the Net.
14:47 of 2nd period - Wrist shot by Ondrej Palat.
14:47 of 2nd period - Shot Misses the Net.
14:55 of 2nd period - Nick Ritchie is hit by Brady Tkachuk and loses puck.
15:31 of 2nd period - Ondrej Palat is hit by Jacob Trouba and loses puck.
15:53 of 2nd period - Off-side.
15:54 of 2nd period - Anthony Mantha wins face-off versus Bo Horvat in neutral zone.
16:24 of 2nd period - Snap shot by Sean Monahan.
16:24 of 2nd period - Stopped by John Gibson without a rebound.
16:25 of 2nd period - Nolan Patrick wins face-off versus Pierre-Luc Dubois in Maroons zone.
16:28 of 2nd period - Wrist shot by Anthony Beauvillier.
16:28 of 2nd period - Goal by Anthony Beauvillier - Maroons : 3 - Bruins : 1.
16:29 of 2nd period - Sean Monahan wins face-off versus Bo Horvat in neutral zone.
16:34 of 2nd period - Snap shot by Micheal Ferland.
16:34 of 2nd period - Shot Misses the Net.
16:36 of 2nd period - Snap shot by Connor Murphy.
16:36 of 2nd period - Shot Misses the Net.
16:38 of 2nd period - Snap shot by Anthony Mantha.
16:38 of 2nd period - Deflect By Sean Monahan.
16:38 of 2nd period - Shot Misses the Net.
16:38 of 2nd period - Puck is out of play.
16:39 of 2nd period - Sean Monahan wins face-off versus Bo Horvat in Maroons zone.
17:04 of 2nd period - Wrist shot by Anthony Mantha.
17:04 of 2nd period - Stopped by John Gibson with a rebound.
17:06 of 2nd period - Wrist shot by Anthony Mantha.
17:06 of 2nd period - Shot Blocked by Torey Krug.
17:08 of 2nd period - Wrist shot by Micheal Ferland.
17:08 of 2nd period - Deflect By Anthony Mantha.
17:08 of 2nd period - Stopped by John Gibson with a rebound.
17:10 of 2nd period - Slapshot by Micheal Ferland.
17:10 of 2nd period - Stopped by John Gibson without a rebound.
17:11 of 2nd period - Brady Tkachuk wins face-off versus Pierre-Luc Dubois in Maroons zone.
17:14 of 2nd period - Slapshot by Brady Tkachuk.
17:14 of 2nd period - Shot Blocked by Carl Gunnarsson.
17:16 of 2nd period - Backhand shot by Brady Tkachuk.
17:16 of 2nd period - Stopped by John Gibson with a rebound.
17:40 of 2nd period - Snap shot by Cal Clutterbuck.
17:40 of 2nd period - Stopped by Juuse Saros without a rebound.
17:41 of 2nd period - Alexander Kerfoot wins face-off versus Sean Monahan in Bruins zone.
17:44 of 2nd period - Slapshot by Alexander Kerfoot.
17:44 of 2nd period - Deflect By Cal Clutterbuck.
17:44 of 2nd period - Shot Misses the Net.
17:44 of 2nd period - Puck is out of play.
17:45 of 2nd period - Sean Monahan wins face-off versus Bo Horvat in Bruins zone.
18:43 of 2nd period - Wrist shot by Pat Maroon.
18:43 of 2nd period - Shot Misses the Net.
18:55 of 2nd period - Slapshot by Anthony Beauvillier.
18:55 of 2nd period - Stopped by John Gibson without a rebound.
18:56 of 2nd period - Alexander Kerfoot wins face-off versus Nolan Patrick in Maroons zone.
19:19 of 2nd period - Wrist shot by Anthony Beauvillier.
19:19 of 2nd period - Stopped by John Gibson with a rebound.
19:56 of 2nd period - Wrist shot by Anthony Beauvillier.
19:56 of 2nd period - Goal by Anthony Beauvillier - Maroons : 3 - Bruins : 2.
19:57 of 2nd period - Sean Monahan wins face-off versus Bo Horvat in neutral zone.
Goals for this period are 1 for Maroons vs 2 for Bruins.
Shots for this period are 9 for Maroons vs 17 for Bruins.

3rd period


0:01 of 3rd period - Sean Monahan wins face-off versus Bo Horvat in neutral zone.
0:30 of 3rd period - Snap shot by Brady Tkachuk.
0:30 of 3rd period - Stopped by John Gibson without a rebound.
0:31 of 3rd period - Brady Tkachuk wins face-off versus Pierre-Luc Dubois in Maroons zone.
0:36 of 3rd period - Snap shot by Brady Tkachuk.
0:36 of 3rd period - Shot Misses the Net.
0:53 of 3rd period - Icing by Jakob Chychrun.
0:54 of 3rd period - Bo Horvat wins face-off versus Brady Tkachuk in Bruins zone.
1:19 of 3rd period - Ondrej Palat is hit by Jay Beagle and loses puck.
1:38 of 3rd period - Wrist shot by Brady Tkachuk.
1:38 of 3rd period - Shot Misses the Net.
1:40 of 3rd period - Wrist shot by Brady Tkachuk.
1:40 of 3rd period - Shot Blocked by Brenden Dillon.
1:42 of 3rd period - Snap shot by Justin Falk.
1:42 of 3rd period - Shot Misses the Net.
2:20 of 3rd period - Minor Penalty to Bryan Rust for Holding.
2:21 of 3rd period - Jay Beagle wins face-off versus Sean Monahan in Maroons zone.
4:20 of 3rd period - Penalty to Bryan Rust is over, Bryan Rust is back on ice.
4:25 of 3rd period - Ryan McDonagh is hit by Cam Fowler.
4:29 of 3rd period - Carl Gunnarsson is hit by Xavier Ouellet and loses puck.
5:13 of 3rd period - Icing by Esa Lindell.
5:14 of 3rd period - Frederik Gauthier wins face-off versus Marcus Kruger in Maroons zone.
5:23 of 3rd period - Jason Pominville is hit by Jacob Trouba and loses puck.
5:38 of 3rd period - Cam Fowler is hit by Bryan Rust and loses puck.
6:01 of 3rd period - Wrist shot by Pontus Aberg.
6:01 of 3rd period - Stopped by Juuse Saros without a rebound.
6:02 of 3rd period - Frederik Gauthier wins face-off versus Sean Monahan in Bruins zone.
6:07 of 3rd period - Snap shot by Nick Ritchie.
6:07 of 3rd period - Stopped by Juuse Saros without a rebound.
6:08 of 3rd period - Sean Monahan wins face-off versus Bo Horvat in Bruins zone.
6:21 of 3rd period - Wrist shot by Matthew Tkachuk.
6:21 of 3rd period - Stopped by Juuse Saros with a rebound.
6:29 of 3rd period - Minor Penalty to Justin Falk for Slashing.
6:30 of 3rd period - Sean Monahan wins face-off versus Bo Horvat in Bruins zone.
6:41 of 3rd period - Slapshot by Jacob Trouba.
6:41 of 3rd period - Deflect By Cam Fowler.
6:41 of 3rd period - Stopped by Juuse Saros with a rebound.
7:00 of 3rd period - Minor Penalty to Cal Clutterbuck for Roughing.
7:01 of 3rd period - Nick Schmaltz wins face-off versus Sean Monahan in Maroons zone.
7:59 of 3rd period - Jakob Chychrun is hit by Alexander Kerfoot and loses puck.
8:29 of 3rd period - Penalty to Justin Falk is over, Justin Falk is back on ice.
8:45 of 3rd period - Brenden Dillon is hit by Maxime Comtois and loses puck.
8:58 of 3rd period - Wrist shot by Ryan Kesler.
8:58 of 3rd period - Shot Misses the Net.
9:00 of 3rd period - Penalty to Cal Clutterbuck is over, Cal Clutterbuck is back on ice.
9:11 of 3rd period - Wrist shot by Jay Beagle.
9:11 of 3rd period - Stopped by Juuse Saros without a rebound.
9:12 of 3rd period - Brady Tkachuk wins face-off versus Bo Horvat in Bruins zone.
10:06 of 3rd period - Frederik Gauthier is hit by Pat Maroon and loses puck.
10:39 of 3rd period - Snap shot by Matthew Tkachuk.
10:39 of 3rd period - Stopped by Juuse Saros with a rebound.
10:41 of 3rd period - Snap shot by Bo Horvat.
10:41 of 3rd period - Stopped by Juuse Saros with a rebound.
10:52 of 3rd period - Icing by Cam Fowler.
10:53 of 3rd period - Alexander Kerfoot wins face-off versus Sean Monahan in Bruins zone.
12:26 of 3rd period - Snap shot by Alexander Kerfoot.
12:26 of 3rd period - Stopped by Juuse Saros with a rebound.
12:28 of 3rd period - Wrist shot by Jay Beagle.
12:28 of 3rd period - Stopped by Juuse Saros with a rebound.
12:30 of 3rd period - Slapshot by Esa Lindell.
12:30 of 3rd period - Shot Misses the Net.
12:58 of 3rd period - Wrist shot by Pontus Aberg.
12:58 of 3rd period - Shot Blocked by Ryan Kesler.
13:25 of 3rd period - Snap shot by Anthony Beauvillier.
13:25 of 3rd period - Shot Misses the Net.
13:41 of 3rd period - Wrist shot by Anthony Mantha.
13:41 of 3rd period - Shot Blocked by Cal Clutterbuck.
13:43 of 3rd period - Slapshot by Xavier Ouellet.
13:43 of 3rd period - Shot Blocked by Jay Beagle.
13:45 of 3rd period - Wrist shot by Micheal Ferland.
13:45 of 3rd period - Stopped by John Gibson with a rebound.
13:47 of 3rd period - Slapshot by Zach Redmond.
13:47 of 3rd period - Stopped by John Gibson with a rebound.
13:57 of 3rd period - Ondrej Palat is hit by Matthew Tkachuk and loses puck.
14:02 of 3rd period - Wrist shot by Bo Horvat.
14:02 of 3rd period - Stopped by Juuse Saros without a rebound.
14:03 of 3rd period - Bo Horvat wins face-off versus Sean Monahan in Bruins zone.
14:04 of 3rd period - Snap shot by Brendan Gallagher.
14:04 of 3rd period - Stopped by Juuse Saros with a rebound.
14:06 of 3rd period - Slapshot by Bo Horvat.
14:06 of 3rd period - Goal by Bo Horvat - Maroons : 4 - Bruins : 2.
14:07 of 3rd period - Sean Monahan wins face-off versus Bo Horvat in neutral zone.
14:13 of 3rd period - Off-side.
14:14 of 3rd period - Bo Horvat wins face-off versus Sean Monahan in neutral zone.
14:45 of 3rd period - Wrist shot by Ondrej Palat.
14:45 of 3rd period - Stopped by John Gibson without a rebound.
14:46 of 3rd period - Pierre-Luc Dubois wins face-off versus Sean Monahan in Maroons zone.
14:55 of 3rd period - Slapshot by Pierre-Luc Dubois.
14:55 of 3rd period - Stopped by Juuse Saros with a rebound.
15:01 of 3rd period - Snap shot by Sean Monahan.
15:01 of 3rd period - Shot Misses the Net.
15:11 of 3rd period - Jakob Chychrun is hit by Brenden Dillon and loses puck.
15:39 of 3rd period - Derick Brassard is hit by Bo Horvat and loses puck.
16:08 of 3rd period - Pontus Aberg is hit by Cam Fowler and loses puck.
16:27 of 3rd period - Backhand shot by Jay Beagle.
16:27 of 3rd period - Shot Blocked by Cam Fowler.
16:29 of 3rd period - Slapshot by Carl Gunnarsson.
16:29 of 3rd period - Stopped by Juuse Saros without a rebound.
16:30 of 3rd period - Brady Tkachuk wins face-off versus Alexander Kerfoot in Bruins zone.
17:01 of 3rd period - Snap shot by Ryan Kesler.
17:01 of 3rd period - Stopped by John Gibson with a rebound.
17:03 of 3rd period - Wrist shot by Anthony Beauvillier.
17:03 of 3rd period - Shot Misses the Net.
17:05 of 3rd period - Snap shot by Ryan Kesler.
17:05 of 3rd period - Stopped by John Gibson with a rebound.
17:33 of 3rd period - Off-side.
17:34 of 3rd period - Brady Tkachuk wins face-off versus Pierre-Luc Dubois in neutral zone.
17:41 of 3rd period - Snap shot by Brady Tkachuk.
17:41 of 3rd period - Stopped by John Gibson without a rebound.
17:42 of 3rd period - Nolan Patrick wins face-off versus Alexander Kerfoot in Maroons zone.
18:39 of 3rd period - Wrist shot by Nick Schmaltz.
18:39 of 3rd period - Stopped by Juuse Saros without a rebound.
18:40 of 3rd period - Alexander Kerfoot wins face-off versus Nolan Patrick in Bruins zone.
19:07 of 3rd period - Bo Horvat is hit by Jakob Chychrun and loses puck.
Goals for this period are 1 for Maroons vs 0 for Bruins.
Shots for this period are 15 for Maroons vs 7 for Bruins. Output by the SimonT Hockey Simulator (STHS) for Eric Tremblay - Original Page W3C HTML5 Valid
Hockey Simulator - Hockey Simulation - Hockey Manager